 Dungeon Crawl Stone Soup version 0.29.1-15-g9cfb28693d (webtiles) character file.

Game seed: 1991177282495863941

55 H0rd4k the Charlatan (level 3, 0/24 HPs)
             Began as an Octopode Artificer on Mar 8, 2023.
             Slain by an adder (1 damage)
             ... on level 2 of the Dungeon.
             The game lasted 00:00:59 (1546 turns).

H0rd4k the Charlatan (Octopode Artificer)           Turns: 1546, Time: 00:01:00

Health: 0/24       AC:  1    Str: 11    XL:     3   Next: 93%
Magic:  5/5        EV: 13    Int: 15    God:
Gold:   91         SH:  0    Dex: 12    Spells: 5/5 levels left

rFire   . . .      SeeInvis .     - Unarmed
rCold   . . .      Faith    .   (no shield)
rNeg    . . .      Spirit   .   (helmet restricted)
rPois   .          Reflect  .   (no amulet)
rElec   .          Harm     .   (no ring)
rCorr   .          Rampage  .   (no ring)
Will    .....                   (no ring)
Stlth   +++.......              (no ring)
HPRegen 0.08/turn               (no ring)
MPRegen 0.09/turn               (no ring)
                                (no ring)
                                (no ring)

@: no status effects
A: almost no armour, amphibious, 8 rings, camouflage 1, gelatinous body 1,
(nimble swimmer 1), tentacles
a: no special abilities


You were on level 2 of the Dungeon.
You visited 1 branch of the dungeon, and saw 2 of its levels.

You collected 91 gold pieces.

Inventory:

Magical Staves
 a - a staff of cold
Wands
 b - a wand of flame (15) (quivered)
 c - a wand of charming (15)
 d - a wand of iceblast (5)
Scrolls
 f - 4 scrolls of identify {unknown}
 h - a scroll of amnesia {unknown}
Potions
 e - a potion of curing {unknown}
 g - a potion of lignification {unknown}
 i - a potion of heal wounds {unknown}


   Skills:
 * Level 2.2 Fighting
 - Level 2.3 Dodging
 - Level 1.3 Stealth
 + Level 1.2 Unarmed Combat
 * Level 1.9 Spellcasting
 - Level 3.2 Evocations


You had 5 spell levels left.
You didn't know any spells.
Your spell library contained the following spells:

 Spells                   Type           Power      Damage    Failure   Level
 Static Discharge         Conj/Air       1%         3-4/arc   34%         2
 Dispel Undead            Necr           1%         3d6       92%         4
 Sticky Flame             Conj/Fire      1%         2d3       92%         4


Dungeon Overview and Level Annotations

Branches:
Dungeon (2/15)

Altars:


Innate Abilities, Weirdness & Mutations

You cannot wear most types of armour.
You are amphibious.
You can wear up to eight rings at the same time.
Your skin changes colour to match your surroundings (Stealth+).
Your rubbery body absorbs attacks. (AC +1, EV +1)
((You are camouflaged when in or above water. (Stealth+)))
You have tentacles for arms and can constrict up to eight enemies at once.


Message History

You constrict the adder.
You feel sick.
The adder hisses angrily.
The adder barely misses you.
You barely miss the adder.
The hobgoblin shouts!
You tentacle-slap the adder. Your squeeze misses the adder.
The adder is severely wounded.
You constrict the adder.
You feel sick. The adder barely misses you.
You tentacle-slap the adder.
The adder is almost dead.
You constrict the adder.
You kill the adder!
You feel sick.
You feel sick. The adder attacks as you move away! The adder misses you.
You feel sick.
You are no longer poisoned.
The adder attacks as you move away! The adder bites you. x2
You miss the adder. Your grab misses the adder. The adder closely misses you.
You closely miss the adder. Your grab misses the adder. The adder misses you.
The adder bites you but does no damage.
You miss the adder. Your grab misses the adder. The adder bites you.
You barely miss the adder. Your grab misses the adder.
The adder barely misses you.
You miss the adder. Your grab misses the adder.
The adder bites you but does no damage.
You closely miss the adder. You grab the adder. You constrict the adder.
The adder barely misses you. The adder bites you.
* * * LOW HITPOINT WARNING * * *
You tentacle-slap the adder.
The adder is moderately wounded.
You constrict the adder. The adder bites you.
* * * LOW HITPOINT WARNING * * *
You tentacle-slap the adder.
The adder is severely wounded.
You constrict the adder. The adder bites you.
* * * LOW HITPOINT WARNING * * *
You tentacle-slap the adder but do no damage.
The adder is severely wounded.
You constrict the adder. The adder misses you. The adder bites you.
You die...

#....# #.## #^.........
#...## #.# ###....[.....
#...# ####.###............
#...###....#..............
.##......)###..##...........
#........### #.###.#.........
######...#####.##..##......#.
#...))........##.########...
#.####.....@....... ....
######S##..##. .....
#...g##.## ....# .....##.##.#
.. .### #..# ......†.......#
###..........## #..........#
#..........#


You could see an adder and a hobgoblin.

Vanquished Creatures
  2 adders (D:2)
  A worm (D:2)
  A dart slug (D:1)
  2 ball pythons (D:1)
  4 bats
  3 endoplasms
  5 goblins
  3 hobgoblins
  3 jackals (D:1)
  2 frilled lizards (D:1)
  3 rats (D:1)
29 creatures vanquished.

Notes
Turn   | Place    | Note
-------+----------+-------------------------------------------
     0 | D:1      | H0rd4k the Octopode Artificer began the quest for the Orb.
     0 | D:1      | Reached XP level 1. HP: 13/13 MP: 1/1
   338 | D:1      | Reached skill level 1 in Spellcasting
   338 | D:1      | Reached XP level 2. HP: 10/18 MP: 3/3
   883 | D:1      | Reached XP level 3. HP: 22/24 MP: 5/5
  1347 | D:2      | Reached skill level 1 in Unarmed Combat
  1545 | D:2      | HP: 1/24 [adder (2)]
  1546 | D:2      | Slain by an adder

Illustrated notes

Levels and vault maps discovered:
D:1:      spicycebolla_arrival_xxxplode, layout_rooms,
          amcnicky_mini_rare_corridor_liquid
D:2:      layout_rooms, ebering_ecumenical_altar_hall,
          nicolae_elevator_lobby_asterisk

Skill      XL: |  1  2  3 |
---------------+----------+-----
Spellcasting   | 1 |  1.9
Fighting       | 2 |  2.2
Unarmed Combat | 1 |  1.2
Dodging        | |  2.3
Stealth        | |  1.3
Evocations     | |  3.2

Action                   || total
-------------------------++-------
Melee: Unarmed           ||    94
       Constrict         ||    24
       Tentacles         ||    15
       Punch             ||     3
 Stab: Sleeping          ||     4
Armor: Skin              ||     9
Dodge: Dodged            ||    54
